Map: Tokamak LE

Players

JASFI - Winner!

  • Race: Terran Terran
  • League: Diamond
  • Spawn Location: 7:00

Juneau

  • Race: Zerg Zerg
  • League: Platinum
  • Spawn Location: 1:00

VOD

Have the link to the VOD?

Description

el Split es importante vs banes

Time

  • Played on: July 9, 2025, 8:01 p.m.
  • Length: 9:51
Show
View Real Time Build Order
Export as new Build Order

JASFI Terran - Winner!

Build Orders: Reaper Expand 

Get SALT Encoding   

  12  0:00  SCV  
  13  0:13  SCV  
  14  0:16  Supply Depot  
  14  0:25  SCV  
  15  0:38  SCV  
  15  0:39  Barracks  
  16  0:43  Refinery  
  16  0:50  SCV  
  17  1:02  SCV  
  18  1:14  SCV  
  19  1:26  Orbital Command  
  19  1:28  Reaper  
  20  1:43  Command Center  
  20  1:52  Supply Depot  
  20  2:05  SCV, Barracks Reactor  
  21  2:21  Factory  
  21  2:24  Barracks  
  21  2:25  SCV  
  22  2:37  Barracks, SCV  
  22  2:42  Refinery  
  23  2:45  Marine  
  23  2:46  Marine  
  25  2:57  Orbital Command  
  25  3:03  Marine x2  
  27  3:11  Starport  
  26  3:13  Factory Reactor  
  26  3:17  Barracks Tech Lab  
  26  3:22  SCV  
  27  3:27  Marine  
  27  3:30  Barracks Tech Lab  
  28  3:37  SCV  
  28  3:38  SCV  
  28  3:41  Marauder  
  32  3:47  Stimpack  
  32  3:54  Marine x2  
  34  3:56  SCV x2  
  36  4:04  Marine  
  36  4:05  Marine  
  36  4:06  Medivac  
  36  4:09  SCV  
  41  4:10  Refinery  
  41  4:11  SCV  
  41  4:12  Marine  
  43  4:22  Medivac  
  43  4:24  SCV  
  46  4:27  Refinery  
  46  4:36  Supply Depot  
  46  4:37  Supply Depot  
  46  4:48  Supply Depot  
  46  4:49  Combat Shield  
  46  4:57  SCV x2, Marine x4  
  52  5:03  Engineering Bay  
  52  5:06  Medivac  
  54  5:08  Medivac  
  54  5:09  SCV x2  
  58  5:14  Engineering Bay  
  58  5:15  Marine x2  
  58  5:19  Marine x2  
  62  5:21  SCV  
  62  5:22  Factory Tech Lab, SCV  
  64  5:34  SCV  
  65  5:37  Marine  
  65  5:38  Marine x3  
  69  5:43  Terran Infantry Armor Level 1, Terran Infantry Weapons Level 1  
  69  5:51  SCV  
  69  5:55  Barracks  
  70  6:00  Barracks  
  70  6:17  Bunker  
  70  6:21  Bunker  
  70  6:40  Armory  
  70  6:44  SCV  
  70  6:45  SCV, Marine x2  
  70  6:46  Marine  
  70  6:49  Marauder  
  69  6:54  Marauder  
  69  6:58  SCV  
  69  7:00  Marine  
  70  7:03  Marine x2, Siege Tank  
  70  7:04  Marine  
  65  7:10  Marine  
  65  7:11  SCV x2  
  65  7:15  Marine  
  68  7:18  Marine  
  70  7:30  Supply Depot  
  70  7:45  Command Center x2  
  70  7:50  Supply Depot  
  70  7:51  Supply Depot  
  70  7:52  SCV x2, Marine x2, Marauder  
  70  7:54  Barracks Reactor  
  70  7:56  Marauder  
  70  7:57  Barracks Reactor  
  78  8:12  SCV x2, Medivac x2, Marine x2  
  86  8:13  Siege Tank  
  86  8:14  Marauder  
  86  8:17  Supply Depot  
  86  8:18  Barracks, Marauder  
  86  8:19  Supply Depot  
  93  8:20  Barracks  
  93  8:23  Supply Depot  
  93  8:24  SCV  
  94  8:38  SCV, Marine x5  
  94  8:39  Marauder  
  94  8:41  SCV  
  103  8:46  Marine x2  
  105  8:49  Refinery  
  105  8:51  SCV  
  106  8:55  Refinery  
  106  8:56  Marauder  
  106  9:01  Orbital Command  
  106  9:13  Marine x3  
  106  9:14  Marine, Marauder  
  108  9:17  Marine  
  108  9:18  Marine x2, Marauder  
  108  9:20  Marine  
  108  9:23  SCV x2  
  111  9:31  Marine  
Show
View Real Time Build Order
Export as new Build Order

Juneau Zerg 

Build Orders: Hatch First 

Get SALT Encoding   

  12  0:28  Drone  
  13  0:36  Overlord  
  13  0:39  Hatchery  
  13  0:40  Drone  
  13  0:45  Drone  
  14  0:54  Extractor  
  13  1:01  Drone x2  
  15  1:15  Spawning Pool  
  15  1:18  Drone  
  15  1:23  Drone  
  16  1:35  Drone  
  17  1:49  Drone  
  17  1:53  Drone  
  19  1:56  Drone  
  20  2:01  Metabolic Boost  
  20  2:11  Zergling x2  
  20  2:12  Zergling x2  
  20  2:13  Queen, Zergling x2  
  25  2:24  Queen  
  27  2:42  Drone  
  27  2:43  Overlord  
  28  3:13  Queen  
  30  3:22  Overlord x2  
  30  3:24  Hatchery  
  29  3:41  Drone x5  
  32  3:42  Drone x4  
  38  3:52  Baneling Nest  
  37  3:55  Drone  
  37  3:56  Drone  
  39  4:07  Zergling x4  
  41  4:12  Queen  
  43  4:18  Lair  
  43  4:19  Overlord x2  
  43  4:23  Zergling x2  
  44  4:36  Drone, Queen  
  44  4:38  Drone x5  
  51  4:53  Evolution Chamber, Drone  
  51  4:54  Evolution Chamber, Drone x6  
  51  4:58  Extractor  
  55  5:05  Spore Crawler  
  54  5:07  Spore Crawler  
  54  5:08  Spore Crawler  
  54  5:09  Drone  
  54  5:10  Drone x3  
  56  5:23  Zergling x2  
  56  5:24  Zergling x10  
  56  5:25  Zergling x2  
  63  5:44  Baneling x3  
  63  5:45  Baneling x2  
  63  5:49  Centrifugal Hooks  
  63  6:05  Hatchery  
  63  6:08  Drone x3, Extractor x2  
  63  6:09  Drone x2  
  63  6:10  Overlord x3  
  37  7:15  Zergling x2  
  38  7:16  Zergling x28  
  38  7:17  Queen  
  38  7:20  Drone x6  
  60  7:38  Zerg Ground Armor Level 1, Zerg Melee Weapons Level 1  
  60  7:47  Overlord x2  
  60  7:48  Hatchery  
  59  7:53  Hydralisk Den  
  59  7:54  Drone  
  59  7:55  Drone  
  59  7:56  Queen  
  62  8:02  Drone  
  62  8:03  Drone x13  
  76  8:06  Extractor  
  76  8:07  Extractor  
  74  8:18  Baneling x10  
  74  8:19  Baneling x3  
  74  8:21  Spore Crawler, Drone x5  
  78  8:34  Zergling x20  
  79  8:41  Overseer, Pneumatized Carapace  
  88  8:52  Evolution Chamber  
  85  9:14  Zergling x4  
  85  9:15  Zergling x8  
  85  9:16  Zergling x30  
  84  9:27  Baneling x2  
Tags
 
Add a new tag
Caveats
  • Supply blocks, unpowered buildings, or Contaminate may cause inaccurate times.
  • Supply counts are checked every 10 seconds.